 Seeded DCSS version 0.31-a0-1570-g93c622d222 (webtiles) character file.

Game seed: 12314716651391791899 (custom seed)

145337 Pooter the Severer (level 16, -3/228 HPs)
             Began as a Minotaur Berserker on Dec 31, 2023.
             Was a High Priest of Trog.
             Slain by a torpor snail (13 damage)
             ... on level 3 of the Spider Nest on Jan 4, 2024.
             The game lasted 03:06:35 (41006 turns).

Pooter the Severer (Minotaur Berserker)            Turns: 41006, Time: 03:06:35

Health: -3/228     AC: 21    Str: 32    XL:     16   Next: 87%
Magic:  15/15      EV: 19    Int:  6    God:    Trog [*****.]
Gold:   1047       SH: 15    Dex: 15    Spells: 15/15 levels left

rFire   + + .        a - +4 broad axe (flame)
rCold   . . .        J - +3 buckler "Jenoijuo" {Str+3 Dex-4 Slay+3}
rNeg    . . .        W - +1 chain mail "Qageu" {rF+ SInv}
rPois   +            n - +2 hat of Purpose {+Inv rPois Slay+3}
rElec   .            q - +0 cloak "Qeprof" {+Inv rF+ Slay+3}
rCorr   .            c - +2 pair of gloves {infuse}
SInv    +            p - +0 pair of boots
Will    +....        l - amulet of reflection Stlth
                     d - +5 ring of evasion
HPRegen 0.58/turn    R - ring "Ziylof" {Str+4 Dex+6 Slay+2}
MPRegen 0.14/turn

%: reflection, infuse magic (1 MP)
@: berserking, spiked, slowed
A: horns 2, retaliatory headbutt
a: Renounce Religion, Evoke Invisibility, Berserk, Trog's Hand, Brothers in Arms


You were on level 3 of the Spider Nest.
You worshipped Trog.
Trog was extremely pleased with you.
You visited 4 branches of the dungeon, and saw 25 of its levels.
You also visited: Volcano.

You collected 2702 gold pieces.
You spent 1655 gold pieces at shops.

Inventory:

Hand Weapons
 a - a +4 broad axe of flaming (weapon)
   (You took it off a red draconian in a volcano)
 b - a +0 heavy hand cannon
   (You acquired it on level 3 of the Spider Nest)
 y - the +1 executioner's axe of the Revolution {antimagic, rElec rC- Str+7}
   (Trog gifted it to you on level 3 of the Spider Nest)

   Str+7:     It affects your strength (+7).
   rC-:       It makes you vulnerable to cold.
   rElec:     It insulates you from electricity.
 I - a +3 trident
   (You took it off a wight on level 9 of the Dungeon)
 O - a +2 arbalest of freezing
   (You took it off a yaktaur on level 14 of the Dungeon)
 V - a +3 war axe of electrocution
   (You found it on level 4 of the Dungeon)
 Z - a +3 longbow of flaming
   (You took it off Nessos on level 5 of the Lair of Beasts)
Missiles
 j - 44 poisoned darts
 m - 9 curare-tipped darts
 G - 21 boomerangs (quivered)
Armour
 c - a +2 pair of gloves of infusion (worn)
   (You bought it in a shop on level 2 of the Orcish Mines)
 h - a +0 plate armour
   (You took it off an orc warrior on level 2 of the Orcish Mines)
 n - the +2 hat of Purpose (worn) {+Inv rPois Slay+3}
   (You bought it in a shop on level 1 of the Orcish Mines)

   Slay+3:    It affects your accuracy & damage with ranged weapons and melee
   (+3).
   rPois:     It protects you from poison +Inv: It lets you turn invisible.
 p - a +0 pair of boots (worn)
   (You found it on level 13 of the Dungeon)
 q - the +0 cloak "Qeprof" (worn) {+Inv rF+ Slay+3}
   (You acquired it on level 5 of the Dungeon)

   Slay+3:    It affects your accuracy & damage with ranged weapons and melee
   (+3).
   rF+:       It protects you from fire.
   +Inv:      It lets you turn invisible.
 J - the +3 buckler "Jenoijuo" (worn) {Str+3 Dex-4 Slay+3}
   (You acquired it on level 5 of the Dungeon)

   Str+3:     It affects your strength (+3).
   Dex-4:     It affects your dexterity (-4).
   Slay+3:    It affects your accuracy & damage with ranged weapons and melee
   (+3).
 U - a +2 ring mail of cold resistance
   (You found it on level 3 of the Lair of Beasts)
 W - the +1 chain mail "Qageu" (worn) {rF+ SInv}
   (You found it on level 5 of the Lair of Beasts)

   rF+:       It protects you from fire.
   SInv:      It lets you see invisible.
 Y - a scarf of repulsion
   (You found it on level 4 of the Lair of Beasts)
Jewellery
 d - a +5 ring of evasion (left hand)
   (You took it off a hobgoblin on level 1 of the Dungeon)
 l - an amulet of reflection (around neck)
   (You found it on level 1 of the Dungeon)
 r - the amulet "Sotel" {rPois Regen+ Str+2}
   (You acquired it on level 5 of the Dungeon)

   [amulet of regeneration]

   Str+2:     It affects your strength (+2).
   rPois:     It protects you from poison Regen+: It increases your rate of
   health regeneration.
 F - a ring of protection from fire
   (You found it on level 6 of the Dungeon)
 N - a ring of positive energy
   (You found it on level 2 of the Lair of Beasts)
 R - the ring "Ziylof" (right hand) {Str+4 Dex+6 Slay+2}
   (You acquired it on level 1 of the Spider Nest)

   [ring of dexterity]

   Str+4:     It affects your strength (+4).
   Dex+6:     It affects your dexterity (+6).
   Slay+2:    It affects your accuracy & damage with ranged weapons and melee
   (+2).
Wands
 f - a wand of flame (29)
   (You found it on level 6 of the Dungeon)
 u - a wand of paralysis (3)
   (You found it on level 6 of the Dungeon)
 D - a wand of digging (4)
   (You found it on level 10 of the Dungeon)
 H - a wand of mindburst (12)
   (You found it on level 9 of the Dungeon)
 Q - a wand of roots (8)
   (You found it on level 15 of the Dungeon)
 S - a wand of quicksilver (2)
   (You found it on level 2 of the Lair of Beasts)
Scrolls
 i - 7 scrolls of identify {@r1}
 k - 5 scrolls of blinking
 s - 3 scrolls of revelation
 t - 5 scrolls of teleportation {@r4}
 w - a scroll of fog
 x - 2 scrolls of butterflies
 A - 4 scrolls of fear
 E - a scroll of immolation {!r}
Potions
 e - a potion of ambrosia
 g - 11 potions of curing {@q1}
 o - 4 potions of enlightenment
 v - 7 potions of haste {@q3}
 z - 4 potions of lignification {!q}
 B - 3 potions of cancellation
 C - 3 potions of attraction {!q}
 K - 6 potions of heal wounds {@q2}
 L - 7 potions of might
 M - 3 potions of resistance
 T - 3 potions of mutation {!q}
 X - a potion of invisibility
Miscellaneous
 P - a phantom mirror (inert)
   (You found it on level 1 of the Lair of Beasts)


   Skills:
 + Level 16.4 Fighting
 + Level 18.0 Axes
 - Level 15.1 Ranged Weapons
 * Level 2.4 Throwing
 + Level 11.6 Armour
 + Level 10.7 Dodging
 + Level 3.0 Stealth
 - Level 10.4 Shields
 + Level 10.2 Evocations


You had 15 spell levels left.
You didn't know any spells.
Your spell library was empty.

Dungeon Overview and Level Annotations

Branches:
Dungeon (15/15) Zot: 23776  Temple (0/1) D:4            Lair (5/5) D:10 Zot: 20003
 Shoals (0/4) Lair:3       Spider (3/4) Lair:3 Zot: 11947   Slime (0/5) Lair:4
    Orc (2/2) D:10 Zot: 4198     Elf (0/3) Orc:2        Vaults (0/5) D:14
 Depths (0/4) D:15        Volcano (visited)

Altars:
Ashenzari
Dithmenos
Fedhas
Nemelex Xobeh
Okawaru
Qazlal
Sif Muna
Trog
Wu Jian
Zin
The Shining One
Jiyva

Shops:
D:12 :   Orc:1 [**   Orc:2 [!(?

Annotations:
D:3 exclusion: oklob plant
D:7 1 runed translucent door, Crazy Yiuf


Innate Abilities, Weirdness & Mutations

You have a pair of horns on your head.
You reflexively headbutt those who attack you in melee.


Message History

You kill the steelbarb worm!
Trog accepts your kill.
The spark wasp stings you but does no damage.
A spark wasp comes into view.
The barbed spikes dig painfully into your body as you move.
The spark wasp stings you! The spark wasp shocks you!
You block the spark wasp's attack.
The barbed spikes dig painfully into your body as you move.
The spark wasp barely misses you.
You shoot a bolt. The bolt hits the spark wasp!
You hear a shout!
The spark wasp stings you! The spark wasp shocks you!
The spark wasp stings you but does no damage.
You block the wolf spider's attack. x2; The spark wasp stings you.
The spark wasp shocks you!
* * * LOW HITPOINT WARNING * * *
The spark wasp closely misses you. You furiously retaliate!
You headbutt the spark wasp!
An entropy weaver comes into view.
The wolf spider misses you. The wolf spider completely misses you.
The torpor snail bites you but does no damage.
The spark wasp completely misses you. You furiously retaliate!
You headbutt the spark wasp! The spark wasp misses you.
The wolf spider completely misses you. You furiously retaliate!
You headbutt the wolf spider! The wolf spider closely misses you.
The torpor snail closely misses you. The spark wasp misses you.
The spark wasp completely misses you. The wolf spider hits you.
* * * LOW HITPOINT WARNING * * *
The wolf spider bites you!
* * * LOW HITPOINT WARNING * * *
Your +4 broad axe of flaming bursts into flame!
a - a +4 broad axe of flaming (weapon)
The spark wasp barely misses you. The spark wasp stings you!
* * * LOW HITPOINT WARNING * * *
The spark wasp shocks you!
* * * LOW HITPOINT WARNING * * *
You block the torpor snail's attack. The wolf spider misses you.
The wolf spider completely misses you.
A red film seems to cover your vision as you go berserk!
You feel yourself moving faster!
You feel mighty! You block the spark wasp's attack. x2
The wolf spider hits you but does no damage.
The wolf spider closely misses you. The spark wasp stings you!
* * * LOW HITPOINT WARNING * * *
The spark wasp shocks you!
* * * LOW HITPOINT WARNING * * *
The spark wasp stings you but does no damage.
The wolf spider hits you but does no damage.
The wolf spider completely misses you. The torpor snail bites you!
You die...

......#...~..$.#......#
.^....#...#....#.......^.
.#...^#...#....#...?.....
......#...#....#.........
...............#.......#
.......#...............#.
.......#......)..........
................y........
.##.....†....$.s@y.......
.........#^....w.........
...........^...^........^
#^.........#....B........
.>.........#.............
...................
........^.......
....#.[.........


You could see an entropy weaver, 2 spark wasps, a torpor snail and a wolf
spider.

Vanquished Creatures
  Mara (Spider:2)
  Arachne (Spider:1)
  The ghost of Uximull the Devastator, an adept DsCA of Gozag (Spider:1)
  A fire giant (D:15)
  Aizul (Spider:3)
  2 emperor scorpions
  An orc warlord (Orc:2)
  2 broodmothers (Spider:1)
  Nessos (Lair:5)
  A red draconian (Volcano)
  A spark wasp (Spider:2)
  Snorg (Lair:4)
  Josephine (D:11)
  6 entropy weavers
  2 hydras
  2 catoblepae
  2 vault guards (D:14)
  2 centaur warriors
  An ogre mage (Volcano)
  9 two-headed ogres
  4 jorogumos
  A radroach (Spider:2)
  A merfolk avatar (Lair:5)
  2 tengu warriors (D:15)
  7 boulder beetles
  A death scarab (Spider:1)
  6 death yaks (Lair:2)
  7 orc high priests
  5 demonic crawlers
  A skyshark (Lair:5)
  3 skeletal warriors (D:14)
  2 pharaoh ants
  7 orb spiders
  A lindwurm (Lair:3)
  2 arcanists (D:14)
  An orange crystal statue (D:14)
  4 swamp dragons (Lair:1)
  6 harpies
  2 deep elf pyromancers (D:12)
  7 orc knights
  4 steelbarb worms
  14 wolf spiders
  4 orc sorcerers
  13 ugly things
  2 moths of wrath (Spider:1)
  7 cyclopes
  2 manticores (D:14)
  An oklob plant (Spider:1)
  3 meliai (Spider:2)
  2 elephants (Lair:5)
  2 kobold blastminers (Orc:1)
  A torpor snail (Lair:5)
  7 black mambas
  9 cane toads
  2 molten gargoyles (Volcano)
  2 gargoyles
  10 komodo dragons
  4 rime drakes
  A yaktaur (D:14)
  4 polar bears
  2 wind drakes (Lair:5)
  7 trolls
  16 tarantellas
  Prince Ribbit (D:7)
  8 blink frogs
  A hornet (D:10)
  4 dream sheep (Lair:5)
  12 slime creatures
  13 jumping spiders
  12 culicivoras
  2 fire bats (Volcano)
  A vampire (D:14)
  3 wraiths (D:11)
  20 humans (D:14)
  11 wyverns
  48 yaks
  3 basilisks
  36 redbacks
  7 wargs
  Grum (D:11)
  Menkaure (D:4)
  2 acid dragons
  11 water moccasins
  A swamp worm (D:9)
  33 orc warriors
  An ice beast (D:8)
  2 black bears
  2 sky beasts (D:7)
  7 ogres
  24 wolves
  15 centaurs
  2 phantoms (D:5)
  13 bullfrogs
  8 scorpions
  5 wights (D:9)
  11 killer bees
  7 howler monkeys
  11 electric eels
  3 bombardier beetles
  12 lava snakes
  4 hounds
  36 orc priests
  A gnoll bouda (D:4)
  A jelly (D:5)
  5 iguanas
  13 orc wizards
  2 sleepcaps
  5 hell rats (Lair:2)
  3 gnolls (D:4)
  11 adders
  2 shadow imps
  2 ufetubi (D:5)
  7 dart slugs
  A ribbon worm (D:3)
  106 orcs
  6 bats
  An endoplasm (D:1)
  6 giant cockroaches
  6 hobgoblins
  5 quokkas
  6 ball pythons
  A frilled lizard (D:1)
  12 goblins
  10 kobolds
  7 rats
841 creatures vanquished.

Vanquished Creatures (collateral kills)
  2 jorogumos (Spider:1)
  A tarantella (Spider:1)
  A culicivora (Spider:1)
  A redback (Spider:1)
5 creatures vanquished.

Vanquished Creatures (others)
  A water elemental (D:14)
  An electric eel (D:14)
2 creatures vanquished.

Grand Total: 848 creatures vanquished

Notes
Turn   | Place    | Note
-------+----------+-------------------------------------------
     0 | D:1      | Pooter the Minotaur Berserker began the quest for the Orb.
     0 | D:1      | Reached XP level 1. HP: 19/19 MP: 0/0
   167 | D:1      | Reached skill level 1 in Ranged Weapons
   295 | D:1      | Reached XP level 2. HP: 27/27 MP: 1/1
   306 | D:1      | Reached skill level 4 in Axes
   497 | D:1      | Reached ** piety under Trog
   584 | D:1      | Reached XP level 3. HP: 33/33 MP: 2/2
  1031 | D:2      | Reached XP level 4. HP: 40/40 MP: 3/3
  1576 | D:3      | Reached skill level 5 in Axes
  1864 | D:3      | Reached XP level 5. HP: 47/47 MP: 4/4
  2184 | D:3      | Found a blossoming altar of Fedhas.
  2217 | D:3      | Noticed an oklob plant
  2295 | D:3      | Found a glowing silver altar of Zin.
  2656 | D:4      | Noticed Menkaure
  2667 | D:4      | Killed Menkaure
  2668 | D:4      | Reached skill level 6 in Axes
  2668 | D:4      | Reached XP level 6. HP: 25/55 MP: 5/5
  2681 | D:3      | Reached skill level 5 in Fighting
  2917 | D:4      | Reached *** piety under Trog
  3154 | D:4      | Found a sparkling altar of Nemelex Xobeh.
  3157 | D:4      | Found a broken altar of Ashenzari.
  3160 | D:4      | Found a shadowy altar of Dithmenos.
  3163 | D:4      | Found a glowing golden altar of the Shining One.
  3260 | D:4      | Found an ornate altar of the Wu Jian Council.
  3304 | D:4      | Found a staircase to the Ecumenical Temple.
  3460 | D:5      | Entered Level 5 of the Dungeon
  3461 | D:5      | Identified 3 scrolls of acquirement
  3461 | D:5      | Acquired the +0 cloak "Qeprof" {+Inv rF+ Slay+3}
  3467 | D:5      | Acquired the amulet "Sotel" {rPois Regen+ Str+2}
  3478 | D:5      | Acquired the +3 buckler "Jenoijuo" {Str+3 Dex-4 Slay+3}
  3491 | D:5      | Reached XP level 7. HP: 58/61 MP: 6/6
  3499 | D:5      | Reached skill level 5 in Ranged Weapons
  3513 | D:5      | Reached skill level 7 in Axes
  3833 | D:5      | Reached skill level 8 in Axes
  3833 | D:5      | Reached XP level 8. HP: 70/70 MP: 7/7
  4567 | D:6      | Reached skill level 9 in Axes
  4724 | D:6      | Found a bloodstained altar of Trog.
  4965 | D:7      | Noticed Prince Ribbit
  4967 | D:7      | Reached XP level 9. HP: 72/79 MP: 8/8
  4975 | D:7      | Killed Prince Ribbit
  4976 | D:7      | Reached skill level 10 in Axes
  5199 | D:7      | Reached **** piety under Trog
  5337 | D:7      | Found a runed translucent door.
  5338 | D:7      | Noticed Crazy Yiuf
  5713 | D:8      | Noticed a two-headed ogre
  5715 | D:8      | Noticed a two-headed ogre
  5721 | D:8      | Killed a two-headed ogre
  5722 | D:8      | Reached skill level 11 in Axes
  5728 | D:8      | Killed a two-headed ogre
  5729 | D:8      | Reached skill level 10 in Ranged Weapons
  5729 | D:8      | Reached XP level 10. HP: 69/90 MP: 9/9
  6481 | D:8      | Reached skill level 12 in Axes
  7004 | D:9      | Reached skill level 13 in Axes
  7377 | D:9      | Found an iron altar of Okawaru.
  7518 | D:9      | Reached XP level 11. HP: 99/99 MP: 10/10
  8232 | D:10     | Entered Level 10 of the Dungeon
  8272 | D:10     | Reached skill level 10 in Fighting
  8927 | D:10     | Found a stormy altar of Qazlal.
  8930 | D:10     | Found a staircase to the Lair.
  9302 | D:10     | Found a staircase to the Orcish Mines.
  9842 | Orc:1    | Entered Level 1 of the Orcish Mines
  9943 | Orc:1    | Reached skill level 14 in Axes
  9995 | Orc:1    | Found Cuigixe's General Store.
 10000 | Orc:1    | Found Ruchayso's Specific Store.
 10008 | Orc:1    | Bought a scroll of identify for 26 gold pieces
 10008 | Orc:1    | Bought a potion of lignification for 39 gold pieces
 10249 | Orc:1    | Noticed an orc high priest
 10303 | Orc:1    | Killed an orc high priest
 10304 | Orc:1    | Reached skill level 1 in Evocations
 10383 | Orc:1    | Noticed an orc sorcerer
 10387 | Orc:1    | Paralysed by an orc sorcerer for 3 turns
 10394 | Orc:1    | Killed an orc sorcerer
 10602 | Orc:2    | Entered Level 2 of the Orcish Mines
 10602 | Orc:2    | Found a staircase to the Elven Halls.
 10735 | Orc:2    | Noticed an orc knight
 10736 | Orc:2    | Noticed an orc sorcerer
 10989 | Orc:2    | Killed an orc knight
 11038 | Orc:2    | Killed an orc sorcerer
 11567 | Orc:2    | Noticed an orc high priest
 11891 | Orc:2    | Killed an orc high priest
 12683 | Orc:1    | Reached XP level 12. HP: 94/110 MP: 11/11
 12740 | Orc:1    | Reached skill level 15 in Axes
 12807 | Orc:1    | Paralysed by an orc sorcerer for 4 turns
 13529 | Orc:1    | Found Viav's Armour Emporium.
 13539 | Orc:1    | Bought the +2 hat of Purpose {+Inv rPois Slay+3} for 672
                  | gold pieces
 13757 | Orc:2    | Noticed an orc high priest
 15064 | Orc:2    | Killed an orc high priest
 16177 | Orc:2    | Noticed an orc high priest
 16180 | Orc:2    | Noticed an orc high priest
 16192 | Orc:2    | Killed an orc high priest
 16193 | Orc:2    | Reached skill level 16 in Axes
 16193 | Orc:2    | Killed an orc high priest
 16260 | Orc:2    | Noticed an orc high priest
 16261 | Orc:2    | Found Aqenoir's Magic Scroll Boutique.
 16262 | Orc:2    | Noticed an orc high priest
 16270 | Orc:2    | Killed an orc high priest
 16274 | Orc:2    | Killed an orc high priest
 16329 | Orc:2    | Found Ekygreot's Armour Boutique.
 16329 | Orc:2    | Found Hothays's Distillery.
 16330 | Orc:2    | Found Tanlior's Weapon Boutique.
 16337 | Orc:2    | Bought a +0 pair of gloves of infusion for 161 gold pieces
 16344 | Orc:2    | Bought a potion of heal wounds for 55 gold pieces
 16344 | Orc:2    | Bought a potion of resistance for 110 gold pieces
 16344 | Orc:2    | Bought a potion of mutation for 88 gold pieces
 16345 | Orc:2    | Bought a scroll of identify for 24 gold pieces
 16345 | Orc:2    | Bought a scroll of identify for 24 gold pieces
 16345 | Orc:2    | Bought a scroll of identify for 24 gold pieces
 16345 | Orc:2    | Bought a scroll of identify for 24 gold pieces
 16345 | Orc:2    | Bought 2 scrolls of identify for 48 gold pieces
 16477 | Orc:2    | Noticed an orc warlord
 16671 | Orc:2    | Killed an orc warlord
 17434 | Lair:1   | Entered Level 1 of the Lair of Beasts
 18427 | Lair:1   | Found a transporter.
 18443 | Lair:1   | Found a transporter.
 18450 | Lair:1   | Reached XP level 13. HP: 118/118 MP: 4/12
 18540 | Lair:1   | Reached skill level 15 in Ranged Weapons
 18540 | Lair:1   | Reached skill level 5 in Evocations
 18996 | Orc:2    | Bought a scroll of enchant weapon for 90 gold pieces
 19668 | Lair:2   | Reached skill level 1 in Shields
 21211 | Lair:3   | Found a staircase to the Shoals.
 22181 | Lair:3   | Reached skill level 5 in Armour
 22181 | Lair:3   | Found a hole to the Spider Nest.
 23128 | Lair:4   | Reached skill level 5 in Dodging
 23225 | Lair:4   | Noticed Snorg
 23227 | Lair:4   | Found a dark tunnel.
 23233 | Volcano  | Entered a volcano
 23362 | Volcano  | Found a burning altar of Makhleb.
 23369 | Volcano  | Reached XP level 14. HP: 129/129 MP: 10/13
 23376 | Volcano  | Reached skill level 5 in Shields
 23963 | Lair:4   | Killed Snorg
 24208 | Lair:4   | Reached skill level 17 in Axes
 25133 | Lair:4   | Found a viscous altar of Jiyva.
 25137 | Lair:4   | Found a staircase to the Slime Pits.
 25424 | Lair:5   | Entered Level 5 of the Lair of Beasts
 26666 | Lair:5   | Noticed Nessos
 26678 | Lair:5   | Killed Nessos
 27053 | Lair:5   | Identified the +1 chain mail "Qageu" {rF+ SInv}
 28167 | Lair:5   | Upgraded the game from 0.31-a0-1529-g7bd419a0e5 to
                  | 0.31-a0-1549-g5ff9445e89
 28721 | D:11     | Noticed Grum
 28729 | D:11     | Killed Grum
 28827 | D:11     | Noticed Josephine
 28835 | D:11     | Killed Josephine
 29427 | D:11     | Reached XP level 15. HP: 129/139 MP: 9/14
 29707 | D:12     | Reached ***** piety under Trog
 29820 | D:12     | Found Daaruit's Book Shop.
 30015 | Orc:2    | Bought a scroll of revelation for 90 gold pieces
 30015 | Orc:2    | Bought a scroll of enchant weapon for 90 gold pieces
 30015 | Orc:2    | Bought a scroll of revelation for 90 gold pieces
 30930 | D:13     | You fall into a shaft and drop 2 floors!
 30930 | D:15     | Entered Level 15 of the Dungeon
 31256 | D:15     | Identified the +5 dagger "Kiofoc" {freeze, rPois Str-5
                  | Int+4 Dex+3}
 31363 | D:15     | Found a staircase to the Depths.
 31381 | D:15     | Noticed a fire giant
 31453 | D:15     | Killed a fire giant
 31551 | D:15     | Identified the +10 halberd of the Vulture {pain, rPois
                  | Int-4 Dex+3}
 32480 | D:14     | Reached skill level 18 in Axes
 33119 | D:14     | Identified the +1 robe of Lonk {rPois}
 33414 | D:14     | Found a gate to the Vaults.
 33425 | D:14     | Reached skill level 15 in Fighting
 34334 | D:15     | Found a shimmering blue altar of Sif Muna.
 34885 | Spider:1 | Entered Level 1 of the Spider Nest
 35398 | Spider:1 | Found a transporter.
 35402 | Spider:1 | Noticed Uximull's ghost (adept DsCA)
 35659 | Spider:1 | Reached skill level 10 in Armour
 35809 | Spider:1 | Reached XP level 16. HP: 144/149 MP: 8/15
 35904 | Spider:1 | Identified the amulet of Egalitarianism {Acrobat Will++
                  | Int+3}
 35904 | Spider:1 | Noticed Arachne
 35912 | Spider:1 | Found a transporter.
 35933 | Spider:1 | Killed Uximull's ghost
 35966 | Spider:1 | Killed Arachne
 35972 | Spider:1 | Reached skill level 10 in Shields
 36089 | Spider:1 | Upgraded the game from 0.31-a0-1549-g5ff9445e89 to
                  | 0.31-a0-1570-g93c622d222
 36386 | Spider:1 | Acquired the ring "Ziylof" {Str+4 Dex+6 Slay+2}
 38482 | Spider:2 | Reached skill level 10 in Dodging
 38958 | Spider:2 | Reached skill level 1 in Stealth
 39422 | Spider:3 | Noticed Mara
 39632 | Spider:2 | Reached skill level 10 in Evocations
 40339 | Spider:3 | Reached skill level 1 in Throwing
 40410 | Spider:3 | Identified the serpent talisman of the Moon Troll {rC+++
                  | Will++ Int+3 Dex-2}
 40410 | Spider:3 | Noticed Aizul
 40419 | Spider:2 | Noticed Pooter's illusion
 40428 | Spider:2 | Killed Mara
 40631 | Spider:3 | Identified the +1 executioner's axe of the Revolution
                  | {antimagic, rElec rC- Str+7} (Trog gifted it to you on
                  | level 3 of the Spider Nest)
 40631 | Spider:3 | Received a gift from Trog
 40633 | Spider:3 | Killed Aizul
 40994 | Spider:3 | Acquired a +0 heavy hand cannon
 41006 | Spider:3 | HP: 10/228 [spark wasp[a torpor snail] (13)]
 41006 | Spider:3 | Slain by a torpor snail

Illustrated notes

Levels and vault maps discovered:
D:1:      dpeg_arrival_simpleton_a, layout_loops_ring, minmay_tromino_v4_b
D:2:      layout_loops_cross
D:3:      layout_basic, mainiacjoe_overflow_alcove_2, tgw_fedhas
D:4:      layout_rooms, nicolae_wu_jian_glorious_leap,
          grunt_temple_overflow_cloverleaf, lemuel_temple_firewalk_a,
          minivault_26, uniq_menkaure
D:5:      layout_gridville, serial_library_hellmonk_double_dead_end,
          roderic_lattice_a, chequers_serial_rivers_room_a, minivault_19,
          serial_bayou_pond_b, grunt_ministairs_15
D:6:      layout_gridville, trog_butcher_becter, chequers_arboretum,
          grunt_decor_one_mirror
D:7:      layout_loops_cross, uniq_prince_ribbit1, uniq_crazy_yiuf_cottage
D:8:      layout_loops_ring, minmay_misc_feat_x, nicolae_nh_ransacked_shop
D:9:      layout_basic, kennysheep_okawaru_gauntlet, serial_bayou,
          serial_bayou_ford_a, serial_bayou_crossing, serial_bayou_pond_d,
          serial_bayou_lagoon_a, worms_lemuel
D:10:     layout_rooms, nicolae_overflow_crystal_walls, lair_entry_dummy,
          hiddenorc2_lemuel
D:11:     layout_basic, nicolae_the_louvre, uniq_josephine, uniq_grum
D:12:     layout_roguey, serial_shops, nicolae_shop_behind_doors, serial_curves,
          eino_curves_04, eino_curves_02, nrook_uturn
D:13:     layout_basic
D:14:     layout_loops_corners, grunt_vaults_entry_tiered, minivault_16,
          lemuel_freeze_loot_1
D:15:     grunt_enter_depths_giant_problem, layout_loops_ring, chequers_garden,
          serial_library_hellmonk_statue_hall
Lair:1:   gammafunk_cloud_chamber, layout_gridlike, serial_bayou_shore_b
Lair:2:   layout_regular_city, grunt_megastairs_4, infiniplex_staircase_pool
Lair:3:   layout_cave_pods, nicolae_shoals_entry_roost,
          spider_nest_entry_funnel_web
Lair:4:   beargit_carnivore_pack, layout_layer_cave, dpeg_slime_entry_corner,
          enter_volcano_2, minmay_hedge_maze, nicolae_lair_run_with_the_wolves
Lair:5:   gammafunk_lair_ancient_temple, layout_cave_pods,
          nicolae_lair_liquid_snakes, uniq_nessos
Spider:1: cheibrodos_spider_silkery, nzn_ghost_randoct
Spider:2: layout_spider_delve
Spider:3: layout_spider_delve, nicolae_spider_claw_tunnel, uniq_aizul, uniq_mara
Orc:1:    layout_caves, serial_shops, nicolae_lakefront_shop,
          nicolae_specific_store
Orc:2:    st_orc_pillars, layout_caves, basic_altar, nicolae_orc_bridge_out,
          minmay_orc_temple_b

Skill      XL: |  1  2  3  4  5  6  7  8  9 10 11 12 13 14 15 16 |
---------------+-------------------------------------------------+-----
Ranged Weapons | 1 2 3 4 6 8 10 11 13 14 15 | 15.1
Axes           | 4 5 6 8 9 11 13 14 16 17 18 | 18.0
Fighting       | 4 5 6 7 8 9 11 12 13 14 15 16 | 16.4
Evocations     | 2 4 6 7 9 10 | 10.2
Shields        | 4 7 9 10 | 10.4
Armour         | 5 8 10 11 | 11.6
Dodging        | 5 7 9 10 | 10.7
Stealth        | 3 |  3.0
Throwing       | 2 |  2.4

Action                     |  1- 3 |  4- 6 |  7- 9 | 10-12 | 13-15 | 16-18 || total
---------------------------+-------+-------+-------+-------+-------+-------++-------
  Melee: Hand axe          |    62 |    95 |    60 |       |       |       ||   217
         Headbutt          |    12 |    10 |    28 |    66 |   142 |    35 ||   293
         War axe           |       |       |    58 |   341 |   175 |       ||   574
         Trident           |       |       |       |       |     3 |       ||     3
         Broad axe         |       |       |       |       |   414 |   152 ||   566
   Fire: Sling             |    32 |    67 |    36 |   317 |   362 |   140 ||   954
         Hand cannon       |       |       |       |       |       |     4 ||     4
  Throw: Dart              |       |     2 |     8 |     6 |    13 |     1 ||    30
         Boomerang         |       |       |       |     5 |       |    12 ||    17
 Invoke: Trog's Hand       |       |     2 |     6 |    19 |    24 |     2 ||    53
         Berserk           |       |     3 |     4 |    28 |    15 |     6 ||    56
         Brothers in Arms  |       |       |       |       |       |     1 ||     1
Ability: Evoke Invisibilit |       |       |       |       |     1 |       ||     1
  Evoke: Wand              |       |       |     1 |    19 |    19 |    12 ||    51
         Phantom mirror    |       |       |       |       |       |     1 ||     1
    Use: Scroll            |       |     8 |     9 |     8 |    12 |     2 ||    39
         Potion            |       |       |     1 |     2 |     1 |     6 ||    10
   Stab: Sleeping          |     1 |       |       |       |       |       ||     1
         Invisible         |       |       |       |       |     2 |       ||     2
         Paralysed         |       |       |       |       |     4 |     4 ||     8
         Distracted        |       |       |       |       |     1 |       ||     1
 Armour: Animal skin       |    11 |       |       |       |       |       ||    11
         Ring mail         |     6 |    10 |       |       |       |       ||    16
         Chain mail        |       |    37 |    58 |    95 |   225 |   118 ||   533
         Plate armour      |       |       |       |   144 |   136 |       ||   280
  Dodge: Dodged            |    51 |    70 |    69 |   201 |   240 |   133 ||   764
  Block: Other             |     6 |    18 |       |       |       |       ||    24
         Buckler           |       |     4 |    21 |   104 |   298 |   108 ||   535
         Reflection        |       |     1 |       |       |    26 |       ||    27

Table legend: (Time is in decaauts)
 A = Elapsed time spent in this place.
 B = Non-inter-level travel time spent in this place.
 C = Inter-level travel time spent in this place.
 D = Time resting spent in this place.
 E = Time spent auto-exploring this place.
 F = Levels seen in this place.
 G = Mean time per level.
                   A        B        C        D        E       F      G
               +--------+--------+--------+--------+--------+-----+--------+
         Total |  41291 |  39439 |   1852 |  17609 |  15574 |  26 | 1588.1 |
       Dungeon |  16700 |  15654 |   1046 |   4203 |   9054 |  15 | 1113.3 |
          Lair |   9997 |   9674 |    323 |   4213 |   4211 |   5 | 1999.4 |
   Spider Nest |   6050 |   5988 |     62 |   3789 |   1436 |   3 | 2016.7 |
  Orcish Mines |   7801 |   7381 |    420 |   5163 |    633 |   2 | 3900.5 |
       Volcano |    741 |    741 |      0 |    240 |    239 |   1 |  741.0 |
               +--------+--------+--------+--------+--------+-----+--------+

Top non-repeatable levels by time:
   Orc:2: 5410 daAuts
Spider:2: 3212 daAuts
  Lair:5: 2780 daAuts
   Orc:1: 2391 daAuts
Spider:1: 2105 daAuts
  Lair:3: 1977 daAuts
    D:14: 1961 daAuts
  Lair:1: 1849 daAuts
    D:10: 1813 daAuts
  Lair:2: 1762 daAuts
  Lair:4: 1627 daAuts
     D:9: 1559 daAuts
    D:11: 1386 daAuts
     D:3: 1381 daAuts
     D:8: 1169 daAuts
